 Dungeon Crawl Stone Soup version 0.16.0 (webtiles) character file.

111359 Minkie the Bludgeoner (level 16, -10/147 HPs)
             Began as a Minotaur Berserker on Mar 13, 2015.
             Was the Champion of Trog.
             Mangled by a halberd of venom (14 damage)
             ... on level 2 of the Elven Halls.
             The game lasted 01:57:53 (26387 turns).

Minkie the Bludgeoner (Minotaur Berserker)         Turns: 26387, Time: 01:57:53

Health: -10/147    AC: 21    Str: 22    XL:     16   Next: 9%
Magic:  7/7        EV: 26    Int:  4    God:    Trog [******]
Gold:   1544       SH:  0    Dex: 24    Spells: 0 memorised, 15 levels left

rFire  + . .     SeeInvis +     h - +8 great mace (antimagic)
rCold  + + +     Clarity  +     J - +1 chain mail {rC+}
rNeg   + + +     SustAb   .     (no shield)
rPois  +         Gourm    .     U - +1 hat of Gecaired {rN+ MR+ Slay+3}
rElec  .         Spirit   .     R - +2 cloak {rPois}
rCorr  .         Warding  +     (no gloves)
rMut   .         NoTele   +     d - +1 pair of boots of Vexation {-Tele rC++ Dex+2}
MR     +++..                    m - amulet of warding
Stlth  +.........               S - ring of protection from magic
                                a - ring "Roonyreaz" {rF+ rC+ rN+ SInv Stlth+}

@: agile, extremely resistant to hostile enchantments, very unstealthy
A: retaliatory headbutt, horns 2, clarity
a: Burn Spellbooks, Berserk, Trog's Hand, Brothers in Arms, Renounce Religion


You were on level 2 of the Elven Halls.
You worshipped Trog.
Trog was exalted by your worship.
You were not hungry.

You visited 4 branches of the dungeon, and saw 29 of its levels.
You visited 1 bazaar.
You also visited: Ossuary and Ice Cave.

You collected 2279 gold pieces.
You spent 735 gold pieces at shops.

Inventory:

Hand weapons
 h - a +8 antimagic great mace (weapon)
 s - the +8 arbalest "Goblinbane" {elec, rC- Str+3}
   (You found it on level 8 of the Lair of Beasts)

   It charges the ammunition it shoots with electricity; occasionally upon a
   hit, such missiles may discharge and cause terrible harm.
   It affects your strength (+3).
   It makes you vulnerable to cold.
Missiles
 e - 8 poisoned javelins (quivered)
 H - 21 bolts
Armour
 d - the +1 pair of boots of Vexation (worn) {-Tele rC++ Dex+2}
   (You bought it in a shop on level 2 of the Orcish Mines)

   It affects your dexterity (+2).
   It greatly protects you from cold.
   It prevents most forms of teleportation.
 J - a +1 chain mail of cold resistance (worn)
 R - a +2 cloak of poison resistance (worn)
 U - the +1 hat of Gecaired (worn) {rN+ MR+ Slay+3}
   (You found it on level 6 of the Lair of Beasts)

   It affects your accuracy and damage with ranged weapons and melee attacks
   (+3).
   It protects you from negative energy.
   It affects your resistance to hostile enchantments.
Jewellery
 a - the ring "Roonyreaz" (left hand) {rF+ rC+ rN+ SInv Stlth+}
   (You bought it in a shop in a bazaar)

   [ring of stealth]

   It protects you from fire.
   It protects you from cold.
   It protects you from negative energy.
   It enhances your eyesight.
   It makes you more stealthy.
 m - an amulet of warding (around neck)
 S - a ring of protection from magic (right hand)
Magical devices
 j - a wand of teleportation (9)
 A - a wand of hasting (5)
 B - a wand of digging (13)
Scrolls
 f - 3 scrolls of immolation
 k - 6 scrolls of fear
 l - 9 scrolls of teleportation
 o - 14 scrolls of remove curse
 y - 4 scrolls of blinking
 z - 3 scrolls of identify
 K - 2 scrolls of magic mapping
Potions
 b - 13 potions of curing
 p - 3 potions of haste
 q - 7 potions of heal wounds
 t - 3 potions of resistance
 v - 4 potions of restore abilities
 C - 8 potions of invisibility
 G - a potion of cure mutation
 I - 2 potions of might
 N - 4 potions of agility
Comestibles
 c - 12 bread rations
 g - 5 chunks of flesh
 w - 25 royal jellies
 M - 2 beef jerkies


   Skills:
 + Level 14.7 Fighting
 - Level 20.3 Maces & Flails
 + Level 14.5 Armour
 + Level 14.3 Dodging
 + Level 6.7 Evocations


You had 15 spell levels left.
You didn't know any spells.

Dungeon Overview and Level Annotations

Branches:
Dungeon (15/15)            Temple (0/1) D:6            Lair (8/8) D:11
 Shoals (0/5) Lair:5       Spider (0/5) Lair:6        Slime (0/6) Lair:6
    Orc (4/4) D:11            Elf (2/3) Orc:4        Vaults (0/5) D:13
 Depths (0/5) D:15

Altars:
Ashenzari
Fedhas
Kikubaaqudgha
Makhleb
Sif Muna
Trog
Vehumet
Yredelemnul
Zin
Beogh
Jiyva

Shops:
D:4 }   D:11 :   Orc:1 }(   Orc:2 [   Orc:4 !(}}

Annotations:
Lair:4 exclusion: oklob plant


Innate Abilities, Weirdness & Mutations

You reflexively headbutt those who attack you in melee.
You have a pair of horns on your head.
You possess an exceptional clarity of mind.


Message History

You headbutt the short sword of holy wrath!
The war axe of freezing hits you but does no damage.
The halberd of venom hits you from afar.
* * * LOW HITPOINT WARNING * * *
Drink which item? (? for menu, Esc to quit)
You feel agile all of a sudden.
The short sword of holy wrath hits you but does no damage.
The eveningstar of distortion completely misses you.
The deep elf fighter casts a spell at you.
The magic dart hits you!
* * * LOW HITPOINT WARNING * * *
The deep elf fighter mumbles some strange words.
The deep elf fighter blinks!
The short sword of holy wrath misses you.
You furiously retaliate!
You headbutt the short sword of holy wrath.
The war axe of freezing hits you!
* * * LOW HITPOINT WARNING * * *
The halberd of venom hits you from afar!
You die...

............##
.............##
.....ยง.......#
#...........##
##........)## .
##........(##
..#..e.....(.(##
........(e.....#
........e(@....##
.......)((....##
........(##...#
......#####...#
.....# ##...#
..... ....# ...
... . .


You could see 3 deep elf fighters and 5 dancing weapons.

Vanquished Creatures
  Rupert (D:15)
  A deep elf annihilator (Elf:1)
  Josephine (D:15)
  Fannar (Lair:1)
  3 ogre magi
  7 hydras
  5 catoblepae
  3 tengu warriors
  9 dancing weapons (Elf:2)
  A centaur warrior (D:14)
  6 death yaks (Lair:8)
  6 deep elf knights
  Nergalle (Lair:7)
  3 orc high priests (Orc:4)
  6 skeletal warriors
  A fire crab (Lair:8)
  6 hill giants
  An ice statue (IceCv)
  A harpy (shapeshifter) (D:14)
  3 deep elf summoners (Elf:1)
  Pikel (D:5)
  4 deep elf conjurers (Elf:1)
  5 orc knights
  4 orc sorcerers (Orc:4)
  2 necromancers
  5 cyclopes
  7 ugly things
  3 griffons
  10 elephants
  A phantasmal warrior (D:15)
  An iron dragon skeleton (D:15)
  Maurice (D:9)
  A dire elephant zombie (D:15)
  A hornet (D:14)
  8 black mambas
  10 spiny frogs
  2 torpor snails
  2 centaur zombies
  2 gargoyles
  Psyche (D:11)
  3 centaur skeletons
  A yaktaur zombie (D:15)
  A fire drake (shapeshifter) (D:13)
  A demonic crawler (Elf:1)
  3 deep elf priests
  10 freezing wraiths (IceCv)
  A wandering mushroom (Lair:8)
  7 komodo dragons
  A fire drake (Lair:8)
  A queen bee (Lair:3)
  A tengu conjurer (D:15)
  10 trolls
  Sonja (Orc:2)
  2 jumping spiders (Elf:1)
  A harpy skeleton (D:15)
  8 slime creatures
  29 blink frogs
  7 two-headed ogres
  3 ravens
  A trapdoor spider (D:13)
  A redback (Elf:1)
  5 wraiths
  2 basilisks
  A shadow (D:15)
  11 deep elf magi
  A water elemental (D:11)
  36 yaks
  14 deep elf fighters
  Eustachio (D:7)
  A steam dragon (D:11)
  A wyvern (D:15)
  Grum (Orc:3)
  5 vampire mosquitoes
  5 wolves
  2 soldier ants
  A hungry ghost (D:13)
  10 hippogriffs
  A mottled dragon (D:11)
  3 wargs
  16 water moccasins
  A human skeleton (D:15)
  A deep dwarf (shapeshifter) (D:14)
  3 eyes of draining (D:4)
  8 porcupines
  2 wasps
  2 black bears
  5 sky beasts
  9 ice beasts
  19 orc warriors
  5 boggarts (D:15)
  3 centaurs
  5 spiders (Lair:6)
  11 ogres
  2 phantoms
  A necrophage (D:12)
  2 boring beetles
  An alligator simulacrum (IceCv)
  16 crocodiles
  A brain worm (D:15)
  Sigmund (D:3)
  A big kobold (D:13)
  14 giant frogs
  A gnoll sergeant (D:6)
  2 water moccasin zombies
  3 scorpions
  An elephant simulacrum (IceCv)
  A swamp dragon simulacrum (IceCv)
  23 wights
  24 killer bees (Lair:3)
  2 vampire bats (Lair:2)
  5 crimson imps
  A quasit (D:10)
  3 draconian simulacra (IceCv)
  20 hounds
  11 jellies
  2 giant frog zombies (D:13)
  6 giant frog skeletons
  14 orc priests
  A gnoll shaman (D:9)
  2 spriggan simulacra (IceCv)
  3 iguanas
  24 orc wizards
  11 worker ants
  A killer bee zombie (D:8)
  7 troll simulacra (IceCv)
  A polar bear simulacrum (IceCv)
  27 sheep
  Ijyb (D:7)
  Jessica (D:2)
  4 big kobold zombies (Ossuary)
  3 hound skeletons
  5 mummies
  47 river rats
  A worker ant zombie (D:5)
  15 adders
  2 naga simulacra (IceCv)
  3 ogre simulacra (IceCv)
  2 shadow imps (D:6)
  27 gnolls
  2 giant mites
  12 white imps (IceCv)
  2 worms (D:3)
  7 adder zombies (Ossuary)
  An adder skeleton (D:6)
  15 oozes
  106 orcs
  A ball python (D:3)
  A bat skeleton (D:7)
  3 giant cockroaches
  7 gnoll zombies (Ossuary)
  20 goblins
  30 hobgoblins
  9 jackals
  19 kobolds
  15 quokkas
  16 bats
  5 giant geckos
  4 giant newts
  A giant spore (D:11)
  A goblin zombie (D:6)
  3 hobgoblin zombies (Ossuary)
  3 kobold zombies (Ossuary)
  7 orc zombies
  26 rats
  A rat zombie (D:6)
  4 ballistomycetes (D:11)
  A fungus (Lair:8)
  3 plants
1092 creatures vanquished.

Vanquished Creatures (others)
  An orb spider (shapeshifter) (D:14)
  A draconian simulacrum (IceCv)
  An orc priest (Orc:2)
  2 troll simulacra (IceCv)
  2 jackals (D:11)
  2 rats (D:5)
  3 fungi
12 creatures vanquished.

Grand Total: 1104 creatures vanquished

Notes
Turn   | Place    | Note
--------------------------------------------------------------
     0 | D:1      | Minkie, the Minotaur Berserker, began the quest for the Orb.
     0 | D:1      | Reached XP level 1. HP: 19/19 MP: 1/1
    80 | D:1      | Reached XP level 2. HP: 27/27 MP: 1/1
   137 | D:1      | Reached skill level 4 in Fighting
   237 | D:1      | Acquired Trog's second power
   593 | D:1      | Reached XP level 3. HP: 33/33 MP: 2/2
   702 | D:2      | Reached XP level 4. HP: 41/41 MP: 2/2
  1045 | D:2      | Found a burning altar of Makhleb.
  1074 | D:2      | Reached skill level 5 in Fighting
  1075 | D:2      | Reached XP level 5. HP: 26/48 MP: 2/2
  1191 | D:2      | Found a glowing silver altar of Zin.
  1191 | D:2      | Noticed an angel
  1193 | D:2      | Noticed a cacodemon
  1224 | D:2      | Noticed Jessica
  1233 | D:2      | Killed Jessica
  1237 | D:2      | Found a bloodstained altar of Trog.
  1445 | D:2      | Reached skill level 5 in Maces & Flails
  1764 | D:3      | Noticed Sigmund
  1770 | D:3      | Killed Sigmund
  1770 | D:3      | Reached XP level 6. HP: 56/56 MP: 3/3
  2166 | D:4      | Found Foatyps' Gadget Shoppe.
  2186 | D:4      | Found a bloodstained altar of Trog.
  2211 | D:4      | Acquired Trog's third power
  2282 | D:4      | Reached skill level 6 in Maces & Flails
  2383 | D:4      | Reached skill level 5 in Dodging
  2415 | D:4      | Reached skill level 7 in Maces & Flails
  2415 | D:4      | Reached XP level 7. HP: 47/61 MP: 3/3
  2522 | D:4      | Reached skill level 8 in Maces & Flails
  2581 | D:4      | Found a bloodstained altar of Trog.
  2597 | D:4      | Reached skill level 9 in Maces & Flails
  2714 | D:4      | Reached XP level 8. HP: 68/68 MP: 3/3
  2874 | D:5      | Entered Level 5 of the Dungeon
  3027 | D:5      | Noticed Pikel
  3034 | D:5      | Killed Pikel
  3034 | D:5      | Reached skill level 11 in Maces & Flails
  3542 | D:5      | Found a deep blue altar of Sif Muna.
  3715 | D:6      | Reached skill level 12 in Maces & Flails
  3764 | D:6      | Found a staircase to the Ecumenical Temple.
  3871 | D:6      | Found a radiant altar of Vehumet.
  3871 | D:6      | Found a blossoming altar of Fedhas.
  4044 | D:6      | Reached XP level 9. HP: 74/74 MP: 4/4
  4054 | D:6      | Received a gift from Trog
  4107 | D:6      | Found a sand-covered staircase.
  4116 | Ossuary  | Entered an ossuary
  4449 | D:6      | Reached skill level 13 in Maces & Flails
  5117 | D:7      | Reached skill level 14 in Maces & Flails
  5147 | D:7      | Noticed Eustachio
  5158 | D:7      | Killed Eustachio
  5169 | D:7      | Found a burning altar of Makhleb.
  5530 | D:7      | Noticed Ijyb
  5534 | D:7      | Killed Ijyb
  5573 | D:7      | Reached skill level 15 in Maces & Flails
  5896 | D:8      | Reached XP level 10. HP: 40/81 MP: 1/4
  6917 | D:9      | Reached skill level 16 in Maces & Flails
  7058 | D:9      | Received a gift from Trog
  7125 | D:9      | Noticed Maurice
  7134 | D:9      | Killed Maurice
  7409 | D:9      | Reached skill level 17 in Maces & Flails
  7586 | D:9      | Noticed a cyclops
  7590 | D:9      | Killed a cyclops
  7615 | D:9      | Found an ancient bone altar of Kikubaaqudgha.
  7615 | D:9      | Found a basalt altar of Yredelemnul.
  7686 | D:10     | Entered Level 10 of the Dungeon
  7711 | D:10     | Found a shattered altar of Ashenzari.
  8429 | D:11     | Found a staircase to the Orcish Mines.
  8431 | D:11     | Noticed a hill giant
  8443 | D:10     | Killed a hill giant
  8443 | D:10     | Reached XP level 11. HP: 44/86 MP: 2/4
  8670 | D:11     | Reached skill level 18 in Maces & Flails
  8759 | D:11     | Found Ziupoeki's Book Shop.
  8776 | D:11     | Noticed a white ugly thing
  8783 | D:11     | Killed a white ugly thing
  9062 | D:11     | Noticed a hill giant
  9068 | D:11     | Killed a hill giant
  9069 | D:11     | Noticed a purple ugly thing
  9076 | D:11     | Killed a purple ugly thing
  9282 | D:11     | Found a staircase to the Lair.
  9306 | Lair:1   | Entered Level 1 of the Lair of Beasts
  9338 | Lair:1   | Noticed Fannar
  9348 | Lair:1   | Killed Fannar
  9348 | Lair:1   | Reached skill level 19 in Maces & Flails
  9402 | D:11     | Noticed a hill giant
  9404 | D:11     | Killed a hill giant
  9405 | D:11     | Noticed a tengu warrior
  9406 | D:11     | Noticed a tengu warrior
  9422 | D:11     | Killed a tengu warrior
  9426 | D:11     | Killed a tengu warrior
  9574 | D:11     | Noticed Psyche
  9576 | D:11     | Killed Psyche
  9576 | D:11     | Received a gift from Trog
  9576 | D:11     | Reached skill level 20 in Maces & Flails
  9921 | D:12     | Found a flickering gateway to a bazaar.
  9926 | Bazaar   | Entered a bazaar
  9971 | Bazaar   | Found Seurphen's Jewellery Shoppe.
 10020 | Bazaar   | Found Yraxuof's Jewellery Shoppe.
 10063 | Bazaar   | Found Dasofawk's Jewellery Boutique.
 10092 | Bazaar   | Found Tywn's Gadget Shoppe.
 10130 | Bazaar   | Bought the ring "Roonyreaz" {rF+ rC+ rN+ SInv Stlth+} for 422 gold pieces
 10277 | D:12     | Reached XP level 12. HP: 60/94 MP: 5/5
 10618 | D:12     | Noticed a skeletal warrior
 10624 | D:12     | Noticed a skeletal warrior
 10624 | D:12     | Noticed a skeletal warrior
 10624 | D:12     | Killed a skeletal warrior
 10632 | D:12     | Killed a skeletal warrior
 10633 | D:12     | Noticed a skeletal warrior
 10637 | D:12     | Killed a skeletal warrior
 10641 | D:12     | Killed a skeletal warrior
 10641 | D:12     | Reached skill level 5 in Armour
 11004 | D:12     | Noticed a hill giant
 11009 | D:12     | Killed a hill giant
 11820 | D:13     | Noticed a six-headed hydra
 11827 | D:13     | Killed a six-headed hydra
 11932 | D:13     | Received a gift from Trog
 12064 | D:13     | Noticed an ogre mage
 12073 | D:13     | Killed an ogre mage
 12088 | D:13     | Found a gate to the Vaults.
 12466 | D:14     | Reached XP level 13. HP: 109/111 MP: 5/5
 12810 | D:14     | Noticed a centaur warrior
 12813 | D:14     | Killed a centaur warrior
 12825 | D:14     | Noticed a catoblepas
 12834 | D:14     | Killed a catoblepas
 13076 | D:14     | Received a gift from Trog
 13261 | D:15     | Entered Level 15 of the Dungeon
 13391 | D:15     | Reached skill level 10 in Fighting
 13409 | D:15     | Noticed Rupert
 13449 | D:15     | Killed Rupert
 13954 | D:15     | Reached skill level 10 in Dodging
 13956 | D:15     | Found a staircase to the Depths.
 13961 | D:15     | Reached skill level 10 in Armour
 14453 | D:15     | Noticed Josephine
 14464 | D:15     | Killed Josephine
 15486 | Lair:1   | Noticed a seven-headed hydra
 15487 | Lair:1   | Killed a seven-headed hydra
 15487 | Lair:1   | Reached XP level 14. HP: 124/124 MP: 5/5
 15643 | Lair:2   | Received a gift from Trog
 17394 | Lair:3   | Received a gift from Trog
 17830 | Lair:4   | Received a gift from Trog
 17936 | Lair:4   | Received a gift from Trog
 18673 | Lair:5   | Found a staircase to the Shoals.
 19045 | Lair:5   | Received a gift from Trog
 19392 | Lair:6   | Got a twisted hat
 19398 | Lair:6   | Identified the +1 hat of Gecaired {rN+ MR+ Slay+3} (You found it on level 6 of the Lair of Beasts)
 19696 | Lair:6   | Found a hole to the Spider Nest.
 19981 | Lair:6   | Found a staircase to the Slime Pits.
 19982 | Lair:6   | Found a viscous altar of Jiyva.
 20329 | Lair:7   | Noticed Nergalle
 20338 | Lair:7   | Killed Nergalle
 20338 | Lair:7   | Reached skill level 1 in Evocations
 20347 | Lair:7   | Received a gift from Trog
 21169 | Lair:8   | Entered Level 8 of the Lair of Beasts
 21414 | Lair:8   | Found a frozen archway.
 21464 | Lair:8   | Reached XP level 15. HP: 132/136 MP: 12/12
 21509 | IceCv    | Entered an ice cave
 21763 | IceCv    | Found an ancient bone altar of Kikubaaqudgha.
 22002 | IceCv    | Gained mutation: You possess an exceptional clarity of mind. [potion of beneficial mutation]
 22334 | Lair:8   | Identified a scroll of acquirement
 22336 | Lair:8   | Identified a +1 rod of inaccuracy (11/11) (You acquired it on level 8 of the Lair of Beasts)
 22404 | Lair:8   | Received a gift from Trog
 22458 | Lair:8   | Got a slimy arbalest
 22461 | Lair:8   | Identified the +8 arbalest "Goblinbane" {elec, rC- Str+3} (You found it on level 8 of the Lair of Beasts)
 23585 | Orc:1    | Entered Level 1 of the Orcish Mines
 23609 | Orc:1    | Found Klautat's Gadget Boutique.
 23609 | Orc:1    | Found Pliexi's Weapon Shoppe.
 23649 | Orc:2    | Found Pnaop's Antique Armour Shop.
 23657 | Orc:2    | Bought a pair of encrusted boots for 313 gold pieces
 23667 | Orc:2    | Identified the +1 pair of boots of Vexation {-Tele rC++ Dex+2} (You bought it in a shop on level 2 of the Orcish Mines)
 23769 | Orc:2    | Found a roughly hewn altar of Beogh.
 23819 | Orc:2    | Noticed Sonja
 23827 | Orc:2    | Killed Sonja
 24231 | Orc:3    | Reached skill level 5 in Evocations
 24245 | Orc:3    | Received a gift from Trog
 24438 | Orc:3    | Noticed Grum
 24448 | Orc:3    | Killed Grum
 24668 | Orc:4    | Entered Level 4 of the Orcish Mines
 24707 | Orc:4    | Found a bloodstained altar of Trog.
 25000 | Orc:4    | Found Uhikas' Gadget Shoppe.
 25005 | Orc:4    | Received a gift from Trog
 25288 | Orc:4    | Found Steseism's Antique Weapon Boutique.
 25294 | Orc:4    | Found Fifis' Gadget Shoppe.
 25296 | Orc:4    | Found Bleanin's Distillery.
 25374 | Orc:4    | Found a staircase to the Elven Halls.
 25686 | Orc:4    | Received a gift from Trog
 25821 | Elf:1    | Entered Level 1 of the Elven Halls
 26191 | Elf:1    | You fall through a shaft!
 26248 | Elf:2    | Reached XP level 16. HP: 129/147 MP: 21/21
 26362 | Elf:2    | Received a gift from Trog
 26387 | Elf:2    | HP: 4/147 [war axe of freezing (12)]
 26387 | Elf:2    | Mangled by a halberd of venom

Action                   |  1- 3 |  4- 6 |  7- 9 | 10-12 | 13-15 | 16-18 || total
-------------------------+-------+-------+-------+-------+-------+-------++-------
Melee: Mace              |    52 |    37 |       |       |       |       ||    89
       Flail             |       |    92 |   124 |       |       |       ||   216
       Great mace        |       |       |   162 |   394 |  1243 |    25 ||  1824
Throw: Javelin           |       |       |       |     3 |       |       ||     3
Invok: Berserk           |       |     1 |       |     3 |     1 |       ||     5
       Trog's Hand       |       |       |       |     1 |     2 |       ||     3
  Use: Scroll            |       |       |     8 |    18 |    10 |       ||    36
       Potion            |       |       |       |       |     1 |     3 ||     4
 Stab: Distracted        |       |       |       |       |     1 |       ||     1
  Eat: Chunk             |       |     6 |    11 |    19 |    41 |     1 ||    78
       Pizza             |       |       |       |     1 |       |       ||     1
       Fruit             |       |       |       |     2 |     1 |       ||     3
       Royal jelly       |       |       |       |     1 |       |       ||     1
       Beef jerky        |       |       |       |       |     2 |       ||     2
